 Dungeon Crawl Stone Soup version 0.21.0-3-g78d12a8 (webtiles) character file.

436 HungrySpirit the Cutter (level 6, 0/36 HPs)
             Began as a Deep Elf Artificer on Jan 8, 2018.
             Was an Initiate of Vehumet.
             Slain by a worker ant (3 damage)
             ... on level 4 of the Dungeon.
             The game lasted 00:07:33 (5540 turns).

HungrySpirit the Cutter (Deep Elf Artificer)        Turns: 5540, Time: 00:07:33

Health: 0/36       AC:  4    Str:  8 (9)  XL:     6   Next: 68%
Magic:  10/10      EV: 13    Int: 17 (18) God:    Vehumet [......]
Gold:   144        SH:  0    Dex: 13 (15) Spells: 5/5 levels left

rFire    . . .     SeeInvis .   a - +0 short sword
rCold    + . .     Gourm    .   (no shield)
rNeg     . . .     Faith    .   b - +0 leather armour
rPois    .         Spirit   .   m - +0 helmet
rElec    .         Reflect  .   (no cloak)
rCorr    .         Harm     .   (no gloves)
MR       .....                  (no boots)
Stlth    +.........             (no amulet)
HPRegen  0.12/turn              j - ring of protection from cold
MPRegen  0.12/turn              (no ring)

@: lethally poisoned (0 -> -6)
A: no striking features
a: Renounce Religion


You were on level 4 of the Dungeon.
You worshipped Vehumet.
Vehumet was noncommittal.
You were not hungry.

You visited 2 branches of the dungeon, and saw 5 of its levels.

You collected 144 gold pieces.

Inventory:

Hand Weapons
 a - a +0 short sword (weapon)
Missiles
 i - a throwing net (quivered)
Armour
 b - a +0 leather armour (worn)
 m - a +0 helmet (worn)
Jewellery
 j - a ring of protection from cold (left hand)
Wands
 d - a wand of enslavement (11)
 e - a wand of random effects (31)
 q - a wand of iceblast (2)
Scrolls
 c - a scroll of teleportation
 g - 4 scrolls of remove curse
 k - a scroll of identify
 p - a scroll of enchant armour
 s - a scroll of amnesia {unknown}
Potions
 l - 2 potions of lignification
 n - a potion of cancellation
 r - a potion of might
Comestibles
 f - 11 rations


   Skills:
 - Level 2.8 Fighting
 * Level 4.9 Short Blades
 + Level 4.7 Dodging
 - Level 1.2 Stealth
 + Level 0.4 Spellcasting
 - Level 3.2 Evocations


You had 5 spell levels left.
You didn't know any spells.

Dungeon Overview and Level Annotations

Branches:
Dungeon (4/15)             Temple (1/1) D:4

Altars:
Dithmenos
Hepliaklqana
Okawaru
Uskayaw
Vehumet
Xom


Message History

There was something very wrong with that liquid.
You feel weakened.
You feel dopey.
You feel clumsy.
You feel sick.
It was a potion of cancellation.
Your magical effects are unravelling.
You feel magically purged.
You feel less wooden.
Your +0 helmet unmelds from your body.
Your +0 leather armour unmelds from your body.
You feel yourself slow down.
You feel a little less mighty now. Something completely misses you.
Okay, then.
Okay, then.
Okay, then.
You closely miss something.
* * * LOW HITPOINT WARNING * * *
You feel sick. Something bites you.
* * * LOW HITPOINT WARNING * * *
You closely miss something. Something bites you.
You die...

#### ...#.# ...#.# ..
...#.# # ## ..####
...#.#.# #.# .... #
.(...#.#### ..#
...##### #
...........
#.##..#...# ##
........... #.....#
##. ##.....###
#..#$@..# # ...
#.###.# #...{...# .#
#. #.# .. ###.#.#.##
#.# # # #.# ##
#.#.#..###.# #. # #.#
#.#.......#####. #
#.#
##............##.####
#.#
...........##.##...##
#.#
#..........##........
#.##.#
#..<.......#######.##


There were no monsters in sight!

Vanquished Creatures
  The ghost of MDvedh the Ruffian, an amateur TrWr of Cheibriados (D:4)
  An orc priest (D:3)
  2 orc wizards (D:4)
  An iguana (D:4)
  6 adders
  2 oozes
  An adder skeleton (D:4)
  3 dart slugs
  4 leopard geckos
  13 orcs
  10 bats
  A giant cockroach (D:2)
  5 goblins
  7 hobgoblins
  12 jackals
  A quokka (D:2)
  5 frilled lizards
  7 kobolds
  5 rats
87 creatures vanquished.

Vanquished Creatures (collateral kills)
  An orc (D:3)
1 creature vanquished.

Vanquished Creatures (others)
  An orc wizard (D:4)
  An adder (D:2)
2 creatures vanquished.

Grand Total: 90 creatures vanquished

Notes
Turn   | Place    | Note
-------+----------+-------------------------------------------
     0 | D:1      | HungrySpirit the Deep Elf Artificer began the quest for the Orb.
     0 | D:1      | Reached XP level 1. HP: 11/11 MP: 5/5
   255 | D:1      | Reached skill level 1 in Fighting
   300 | D:1      | Reached XP level 2. HP: 11/16 MP: 6/6
  1281 | D:2      | Reached XP level 3. HP: 15/20 MP: 7/7
  1950 | D:2      | Reached XP level 4. HP: 25/25 MP: 8/8
  3441 | D:3      | Reached XP level 5. HP: 14/30 MP: 9/9
  4520 | D:4      | Noticed MDvedh's ghost (amateur TrWr)
  4524 | D:4      | Killed MDvedh's ghost
  4524 | D:4      | Reached XP level 6. HP: 36/36 MP: 10/10
  4550 | D:4      | Found a staircase to the Ecumenical Temple.
  4568 | Temple   | Entered the Ecumenical Temple
  4573 | Temple   | Became a worshipper of Vehumet
  5540 | D:4      | Slain by a worker ant

Skill      XL: |  1  2  3  4  5 |
---------------+----------------+-----
Fighting       | 1 2 |  2.8
Short Blades   | 2 3 4 |  4.9
Dodging        | 3 4 |  4.7
Stealth        | |  1.2
Spellcasting   | |  0.4
Evocations     | |  3.2

Action                   |  1- 3 |  4- 6 || total
-------------------------+-------+-------++-------
Melee: Short sword       |   153 |   296 ||   449
Evoke: Wand              |     8 |    29 ||    37
  Use: Scroll            |       |     3 ||     3
       Potion            |       |     5 ||     5
 Stab: Sleeping          |     1 |       ||     1
  Eat: Chunk             |     3 |    12 ||    15
Armor: Leather armour    |    71 |    49 ||   120
       Skin              |       |     4 ||     4
Dodge: Dodged            |   133 |   187 ||   320
